 Dungeon Crawl Stone Soup version 0.17.1-3-g152610e (webtiles) character file.

18953 Grim the Cruncher (level 13, -2/109 HPs)
             Began as a Formicid Gladiator on Feb 18, 2016.
             Was a High Priest of Okawaru.
             Slain by a ten-headed hydra (4 damage)
             ... on level 4 of the Lair of Beasts.
             The game lasted 00:32:56 (20710 turns).

Grim the Cruncher (Formicid Gladiator)             Turns: 20710, Time: 00:32:56

Health: -2/109     AC: 13    Str: 20    XL:     13   Next: 0%
Magic:  11/13      EV: 15    Int: 15    God:    Okawaru [*****.]
Gold:   809        SH:  0    Dex: 15    Spells: 0 memorised, 12 levels left

rFire  x . .     SeeInvis +     r - +2 lajatang
rCold  + . .     Clarity  +     C - +1 ring mail "Vuin" {rN+ SInv}
rNeg   + . .     SustAt   .     (no shield)
rPois  .         Gourm    .     (helmet unavailable)
rElec  .         Spirit   .     k - +0 cloak
rCorr  .         Warding  .     (no gloves)
rMut   .         Stasis   +     H - +1 pair of boots
MR     +....                    (no amulet)
Stlth  ++........               p - +6 ring of intelligence
                                s - ring of ice

@: heroism, somewhat resistant to hostile enchantments, unstealthy
A: permanent stasis, dig shafts and tunnels, four strong arms, antennae 3, beak,
clarity, wild magic 1
a: Dig, Shaft Self, Heroism, Renounce Religion


You were on level 4 of the Lair of Beasts.
You worshipped Okawaru.
Okawaru was extremely pleased with you.
You were not hungry.

You visited 3 branches of the dungeon, and saw 15 of its levels.

You collected 809 gold pieces.

Inventory:

Hand Weapons
 r - a +2 lajatang (weapon)
Armour
 k - a +0 cloak (worn)
 t - a +2 pair of gloves
 C - the +1 ring mail "Vuin" (worn) {rN+ SInv}
   (You found it on level 7 of the Dungeon)

   It protects you from negative energy.
   It lets you see invisible.
 H - a +1 pair of boots (worn)
Jewellery
 p - a +6 ring of intelligence (right hand)
 s - a ring of ice (left hand)
 P - the ring "Yblexau" {Str+4 Stlth-, unknown}
   (You found it on level 4 of the Lair of Beasts)

   [ring of loudness]

   It affects your strength (+4).
   It makes you less stealthy.
Wands
 i - a wand of disintegration (11)
 j - a wand of flame (9)
 m - a wand of confusion (26)
 o - a wand of slowing (4)
 B - a wand of fireball (8)
 D - a wand of fireball (11)
 F - a wand of confusion (23)
 K - a wand of disintegration (8)
 M - a wand of digging (10)
Scrolls
 a - 3 scrolls of enchant weapon
 e - a scroll of fear
 f - 3 scrolls of remove curse
 h - 3 scrolls of identify
 l - a scroll of random uselessness
 n - 4 scrolls of enchant armour
 v - 2 scrolls of magic mapping
 x - 3 scrolls of fog
 y - 2 scrolls of teleportation
 E - 2 scrolls of amnesia
 I - 2 scrolls of vulnerability {unknown}
 J - 4 scrolls of blinking
Potions
 c - 2 potions of agility
 g - a potion of poison {unknown}
 u - a potion of brilliance {unknown}
 G - 3 potions of resistance
 L - a potion of flight {unknown}
Books
 d - a book of Power

   Spells                             Type                      Level
   a - Fulminant Prism                Conjuration/Hexes            4
   b - Iskenderun's Mystic Blast      Conjuration                  4
   c - Venom Bolt                     Conjuration/Poison           5
   d - Bolt of Magma                  Conjuration/Fire/Earth       5
   e - Iron Shot                      Conjuration/Earth            6
   f - Orb of Destruction             Conjuration                  7
   g - Spellforged Servitor           Conjuration/Summoning        7
 A - a book of Ice

   Spells                             Type                      Level
   a - Ice Form                       Ice/Transmutation            4
   b - Metabolic Englaciation         Hexes/Ice                    5
   c - Ozocubu's Refrigeration        Ice                          6
   d - Bolt of Cold                   Conjuration/Ice              6
   e - Freezing Cloud                 Conjuration/Ice/Air          6
   f - Simulacrum                     Ice/Necromancy               6
 N - a book of Spatial Translocations

   Spells                             Type                      Level
   a - Apportation                    Translocation                1
   b - Blink                          Translocation                2
   c - Shroud of Golubria             Charms/Translocation         2
   d - Portal Projectile              Translocation                3
   e - Teleport Other                 Translocation                3
   f - Passage of Golubria            Translocation                4
Miscellaneous
 O - a crystal ball of energy
Comestibles
 b - 4 meat rations
 q - 2 royal jellies
 w - 3 beef jerkies
 z - 6 bread rations


   Skills:
 + Level 12.9(17.9) Fighting
 - Level 14.0(19.0) Staves
 - Level 1.5(6.5) Throwing
 * Level 9.7(14.7) Armour
 - Level 2.6(7.6) Dodging


You had 12 spell levels left.
You didn't know any spells.

Dungeon Overview and Level Annotations

Branches:
Dungeon (10/15)            Temple (1/1) D:6            Lair (4/8) D:10
  Swamp: Lair:3-6    Shoals: Lair:3-6     Snake: Lair:3-6    Spider: Lair:3-6
    Orc: D:9-12

Altars:
Ashenzari
Cheibriados
Dithmenos
Elyvilon
Fedhas
Gozag
Kikubaaqudgha
Makhleb
Nemelex Xobeh
Okawaru
Qazlal
Ru
Sif Muna
Trog
Vehumet
Xom
Yredelemnul
Zin
The Shining One

Shops:
D:7 %


Innate Abilities, Weirdness & Mutations

You are under a permanent stasis effect.
You can dig through walls and to a lower floor.
Your four strong arms can wield two-handed weapons with a shield.
You have a pair of large antennae on your head (SInv).
You have a beak for a mouth.
You possess an exceptional clarity of mind.
Your spells are a little harder to cast, but a little more powerful.


Message History

The nine-headed hydra barely misses you.
The nine-headed hydra bites you!
* * * LOW HITPOINT WARNING * * *
The nine-headed hydra bites you.
* * * LOW HITPOINT WARNING * * *
The nine-headed hydra bites you but does no damage.
The nine-headed hydra bites you!
* * * LOW HITPOINT WARNING * * *
The nine-headed hydra misses you.
You lop one of the nine-headed hydra's heads off!
The eight-headed hydra grows two more!
You slash the ten-headed hydra! You peck the ten-headed hydra.
The ten-headed hydra is heavily wounded.
The ten-headed hydra bites you but does no damage.
The ten-headed hydra completely misses you.
The ten-headed hydra bites you.
* * * LOW HITPOINT WARNING * * *
The ten-headed hydra bites you but does no damage. x2
The ten-headed hydra bites you.
You die...

#######...............#...
#...#...#P................
##...#.###......##........
###..## ##.....####......
###...###.......####.....
##....#.##...##..##.#...##
#..P...##...####..##...##.
#.###....D....###.....#...
##........@......#.........
#.#....#..#.##.............
###.####...## #P....P......
#..## ##.## ....#####...
##.#####..## ##..P# ##...
##...#.....## #....# #...#
#...........###..# ##..#
##..(........P#..# #P.#
#..#............## #...


You could see a ten-headed hydra.

Vanquished Creatures
  Rupert (Lair:4)
  Snorg (Lair:4)
  An elephant (Lair:1)
  2 black mambas
  5 spiny frogs
  4 komodo dragons
  3 trolls
  A two-headed ogre (D:10)
  A harpy skeleton (D:10)
  A polar bear (Lair:3)
  Grinder (D:5)
  12 blink frogs
  6 yaks
  3 wolves (Lair:2)
  A deep elf mage (D:10)
  3 hungry ghosts
  3 hippogriffs
  2 water moccasins
  4 orc warriors
  The ghost of antares the Magician, an amateur DEWz of Nemelex Xobeh (D:4)
  Duvessa (D:5)
  A phantom (D:5)
  5 sky beasts
  2 black bears
  3 porcupines
  9 ogres
  4 ice beasts
  3 centaurs
  2 crocodiles
  2 big kobolds
  A gnoll sergeant (D:7)
  9 giant frogs
  Dowan (D:5)
  4 scorpions
  6 killer bees (D:8)
  6 crimson imps
  3 giant frog zombies
  2 hounds
  3 jellies
  2 centaur skeletons
  10 orc priests
  A quasit (D:7)
  8 iguanas
  3 worker ants
  10 orc wizards
  2 killer bee zombies
  2 hound zombies
  A hound skeleton (D:4)
  2 worker ant zombies
  7 gnolls (D:7)
  12 adders
  41 river rats
  2 oozes
  4 worms
  4 giant geckos
  44 orcs
  6 giant cockroaches
  9 goblins
  4 hobgoblins
  15 jackals
  A ball python (D:1)
  5 bats
  8 giant newts
  21 kobolds
  3 quokkas
  2 quokka skeletons
  6 rats
358 creatures vanquished.

Vanquished Creatures (others)
  A fire vortex (Lair:2)
  5 fungi (Lair:4)
  A plant (Lair:4)
7 creatures vanquished.

Grand Total: 365 creatures vanquished

Notes
Turn   | Place    | Note
--------------------------------------------------------------
     0 | D:1      | Grim the Formicid Gladiator began the quest for the Orb.
     0 | D:1      | Reached XP level 1. HP: 16/16 MP: 1/1
   335 | D:1      | Reached XP level 2. HP: 23/23 MP: 2/2
   537 | D:1      | Reached XP level 3. HP: 24/28 MP: 3/3
  1380 | D:2      | Reached skill level 4 in Staves
  1380 | D:2      | Reached XP level 4. HP: 35/35 MP: 4/4
  2059 | D:3      | Reached XP level 5. HP: 17/42 MP: 5/5
  2519 | D:3      | Reached skill level 5 in Staves
  2532 | D:3      | Reached XP level 6. HP: 46/48 MP: 6/6
  3039 | D:3      | Noticed a sky beast
  3048 | D:3      | Killed a sky beast
  3048 | D:3      | Reached skill level 6 in Staves
  3372 | D:3      | Found a snail-covered altar of Cheibriados.
  3373 | D:3      | Found a sparkling altar of Nemelex Xobeh.
  3375 | D:3      | Found a white marble altar of Elyvilon.
  3422 | D:4      | Reached XP level 7. HP: 55/55 MP: 7/7
  3556 | D:4      | Noticed antares's ghost (amateur DEWz)
  3574 | D:4      | Killed antares's ghost
  3574 | D:4      | Reached skill level 5 in Fighting
  4346 | D:4      | Reached skill level 7 in Staves
  4543 | D:4      | Noticed a hungry ghost
  4590 | D:4      | Killed a hungry ghost
  4590 | D:4      | Reached XP level 8. HP: 41/64 MP: 8/8
  5157 | D:5      | Entered Level 5 of the Dungeon
  5157 | D:5      | Noticed Grinder
  5174 | D:5      | Killed Grinder
  5174 | D:5      | Reached skill level 8 in Staves
  5444 | D:5      | Noticed Dowan
  5460 | D:5      | Noticed Duvessa
  5482 | D:5      | Killed Duvessa
  5485 | D:5      | Reached skill level 9 in Staves
  5485 | D:5      | Reached XP level 9. HP: 29/72 MP: 9/9
  5486 | D:5      | Killed Dowan
  6132 | D:5      | Found a blossoming altar of Fedhas.
  6204 | D:5      | Found a burning altar of Makhleb.
  6499 | D:6      | Reached skill level 10 in Staves
  7050 | D:6      | Found a staircase to the Ecumenical Temple.
  7326 | D:6      | Reached XP level 10. HP: 45/82 MP: 10/10
  7654 | D:6      | Reached skill level 11 in Staves
  7840 | Temple   | Entered the Ecumenical Temple
  7959 | Temple   | Became a worshipper of Warmaster Okawaru
  8783 | D:7      | Found a shattered altar of Ashenzari.
  9114 | D:7      | Got a twisted ring mail
  9125 | D:7      | Identified the +1 ring mail "Vuin" {rN+ SInv} (You found it on level 7 of the Dungeon)
  9353 | D:7      | Reached * piety under Okawaru
  9896 | D:7      | Reached skill level 12 in Staves
 10028 | D:7      | Found Ucwumid's Food Shoppe.
 10210 | D:8      | Noticed a seven-headed hydra
 10688 | D:8      | Gained mutation: You are clumsy. (Dex -2) [potion of mutation]
 10688 | D:8      | Gained mutation: You are frail (-10% HP). [potion of mutation]
 10688 | D:8      | Gained mutation: Your body sometimes deteriorates upon taking damage. [potion of mutation]
 10689 | D:8      | Lost mutation: Your body sometimes deteriorates upon taking damage. [potion of cure mutation]
 10690 | D:8      | Lost mutation: You are clumsy. (Dex -2) [potion of cure mutation]
 10690 | D:8      | Lost mutation: You are frail (-10% HP). [potion of cure mutation]
 10691 | D:8      | Gained mutation: Your spells are a little harder to cast, but a little more powerful. [potion of mutation]
 10691 | D:8      | Gained mutation: You possess an exceptional clarity of mind. [potion of mutation]
 10691 | D:8      | Gained mutation: You have a beak for a mouth. [potion of mutation]
 10922 | D:8      | Reached skill level 10 in Fighting
 10924 | D:8      | Reached ** piety under Okawaru
 11672 | D:8      | Reached XP level 11. HP: 69/91 MP: 11/11
 12256 | D:9      | Reached skill level 13 in Staves
 12515 | D:9      | Found a glowing golden altar of the Shining One.
 12544 | D:9      | Found a deep blue altar of Sif Muna.
 12717 | D:9      | Reached *** piety under Okawaru
 12925 | D:10     | Entered Level 10 of the Dungeon
 13065 | D:10     | Found a staircase to the Lair.
 14050 | Lair:1   | Entered Level 1 of the Lair of Beasts
 14162 | Lair:1   | Reached **** piety under Okawaru
 14516 | Lair:2   | Reached skill level 14 in Staves
 14959 | Lair:2   | Reached skill level 1 in Armour
 16278 | Lair:3   | Reached XP level 12. HP: 57/100 MP: 10/12
 16810 | Lair:3   | Reached skill level 5 in Armour
 18441 | Lair:4   | Noticed Rupert
 18463 | Lair:4   | Killed Rupert
 18463 | Lair:4   | Received a gift from Okawaru
 18635 | Lair:4   | Reached ***** piety under Okawaru
 19126 | Lair:4   | Noticed Snorg
 19138 | Lair:4   | HP: 4/103 [Snorg (14)]
 19140 | Lair:4   | Killed Snorg
 20017 | Lair:4   | Received a gift from Okawaru
 20191 | Lair:4   | Got a serpentine amber ring
 20539 | Lair:4   | Reached XP level 13. HP: 89/109 MP: 13/13
 20698 | Lair:4   | Noticed an eight-headed hydra
 20710 | Lair:4   | HP: 2/109 [ten-headed hydra (5)]
 20710 | Lair:4   | Slain by a ten-headed hydra

Action                   |  1- 3 |  4- 6 |  7- 9 | 10-12 | 13-15 || total
-------------------------+-------+-------+-------+-------+-------++-------
Melee: Quarterstaff      |    88 |   152 |   474 |   427 |       ||  1141
       Lajatang          |       |       |       |   410 |     6 ||   416
Throw: Throwing net      |       |     1 |     2 |       |       ||     3
Invok: Heroism           |       |       |       |     7 |     1 ||     8
Evoke: Wand              |       |       |     2 |     6 |     7 ||    15
  Use: Scroll            |       |     2 |     5 |    14 |       ||    21
       Potion            |       |       |     5 |    11 |       ||    16
 Stab: Sleeping          |       |     1 |       |       |       ||     1
       Held in net/web   |       |       |     1 |       |       ||     1
       Invisible         |       |       |       |     1 |       ||     1
  Eat: Chunk             |     2 |     6 |     7 |    31 |       ||    46
       Bread ration      |       |       |     3 |       |       ||     3
       Meat ration       |       |       |     1 |     4 |       ||     5
